 Dungeon Sprint DCSS version 0.17-a0-1840-g87820a2 (webtiles) character file.

2621 KambridgeKobold the Unseen (level 9, -5/41 HPs)
             Began as a Spriggan Assassin on Sept 16, 2015.
             Was a Believer of Dithmenos.
             Slain by a deep troll (14 damage)
             ... in the Dungeon (Sprint I: "Red Sonja").
             The game lasted 00:03:52 (285 turns).

KambridgeKobold the Unseen (Spriggan Assassin)       Turns: 285, Time: 00:03:53

Health: -5/41      AC:  3    Str:  8    XL:     9   Next: 34%
Magic:  10/10      EV: 33    Int: 13    God:    Dithmenos [**....]
Gold:   405        SH:  0    Dex: 19    Spells: 0 memorised, 8 levels left

rFire  . . .     SeeInvis +     a - +2 dagger
rCold  . . .     Clarity  .     c - +0 robe
rNeg   . . .     SustAt   .     (shield restricted)
rPois  .         Gourm    .     (helmet restricted)
rElec  .         Spirit   .     d - +0 cloak
rCorr  .         Warding  .     (gloves unavailable)
rMut   .         NoTele   +     (boots unavailable)
MR     +....                    (no amulet)
Stlth  ++++++++++               (no ring)
                                (no ring)

@: wreathed by umbra, very quick, somewhat resistant to hostile enchantments,
uncannily stealthy
A: unfitting armour, see invisible, herbivore 3, speed 3, slow metabolism 2
a: Shadow Step, Renounce Religion


You were in the Dungeon.
You worshipped Dithmenos.
Dithmenos was pleased with you.
You were not hungry.

You visited 1 branch You collected 405 gold pieces.

Inventory:

Hand weapons
 a - a +2 dagger (weapon)
 b - a +0 blowgun
Missiles
 f - 2 curare-tipped needles
Armour
 c - a +0 robe (worn)
 d - a +0 cloak (worn)
Magical devices
 n - a wand of slowing (46)
Scrolls
 m - a scroll of blinking
Potions
 h - 2 potions of curing
 j - a potion of haste
 k - 2 potions of magic
 l - a potion of berserk rage
 o - a potion of brilliance {unknown}
Comestibles
 g - a bread ration


   Skills:
 - Level 1.5 Fighting
 + Level 8.7 Short Blades
 + Level 8.7 Throwing
 + Level 16.7 Dodging
 + Level 20.1 Stealth


You had 8 spell levels left.
You didn't know any spells.

Dungeon Overview and Level Annotations

Branches:
Dungeon (1/1)

Altars:
Cheibriados
Dithmenos
Elyvilon
Fedhas
Gozag
Kikubaaqudgha
Makhleb
Nemelex Xobeh
Okawaru
Qazlal
Ru
Sif Muna
Trog
Vehumet
Xom
Yredelemnul
Zin
The Shining One
Jiyva

Shops:
D (


Innate Abilities, Weirdness & Mutations

You are tiny and cannot use many weapons and most armour.
You have supernaturally acute eyesight.
You are a herbivore.
You cover ground extremely quickly.
You need consume almost no food.


Message History

The kobold demonologist gestures wildly while chanting.
The deep troll completely misses you. The deep troll misses you.
The deep troll claws you.
You hit the iron imp.
The iron imp is lightly wounded.
The iron imp completely misses you.
You miss the kobold demonologist.
The kobold demonologist is severely wounded.
The kobold demonologist completely misses you.
The iron imp completely misses you.
Unknown command.
The kobold demonologist mumbles some strange words.
You closely miss the kobold demonologist.
The kobold demonologist is severely wounded.
You hit the kobold demonologist but do no damage.
The kobold demonologist is severely wounded.
The deep troll completely misses you. The deep troll claws you!!
* * * LOW HITPOINT WARNING * * *
The deep troll claws you!
You die...

###################
#<.#.)(..#.)'..#__#
#.@54.#.)'K(#.K'(.(
#TK#####'#####'#__#
#.5####..#...#.####
#.4#__####..##.#§§§
#..#_..__##'#..§§§§
#⌠⌠#_.∩..†'.§._#≈§≈
####_..._##_.#'##'#
#_____###'#(#[((
####### #.####)#


You could see a deep troll, a rust devil, a kobold demonologist, a blue devil,
an iron imp and an ufetubus.

Vanquished Creatures
  2 centaur warriors (D)
  A kobold demonologist (D)
  2 demonic crawlers (D)
  A slime creature (D)
  Sigmund (D)
  A yak (D)
  An ogre (D)
  A jelly (D)
  Ijyb (D)
  A giant eyeball (D)
12 creatures vanquished.

Notes
Turn   | Place    | Note
--------------------------------------------------------------
     0 | D        | KambridgeKobold the Spriggan Assassin began the quest for the Orb.
     0 | D        | Reached XP level 1. HP: 10/10 MP: 2/2
     4 | D        | Noticed Ijyb
     7 | D        | Killed Ijyb
     7 | D        | Reached skill level 10 in Stealth
     7 | D        | Reached XP level 2. HP: 14/14 MP: 3/3
    10 | D        | Noticed an ogre
    13 | D        | Killed an ogre
    13 | D        | Reached skill level 12 in Stealth
    13 | D        | Reached XP level 3. HP: 18/18 MP: 4/4
    13 | D        | Reached XP level 4. HP: 22/22 MP: 5/5
    23 | D        | Noticed Sigmund
    26 | D        | Killed Sigmund
    26 | D        | Reached skill level 10 in Dodging
    26 | D        | Reached skill level 15 in Stealth
    26 | D        | Reached XP level 5. HP: 25/25 MP: 6/6
    38 | D        | Found a deep blue altar of Sif Muna.
    39 | D        | Noticed a jelly
    40 | D        | Found a radiant altar of Vehumet.
    45 | D        | Killed a jelly
    45 | D        | Reached XP level 6. HP: 30/30 MP: 7/7
    71 | D        | Found Ufok's Weapon Emporium.
    71 | D        | Found a white marble altar of Elyvilon.
    71 | D        | Found a stormy altar of Qazlal.
    71 | D        | Found a burning altar of Makhleb.
    71 | D        | Found a sacrificial altar of Ru.
    71 | D        | Found a basalt altar of Yredelemnul.
    71 | D        | Found a glowing golden altar of the Shining One.
    71 | D        | Found a sparkling altar of Nemelex Xobeh.
    71 | D        | Found a shimmering altar of Xom.
    71 | D        | Found an opulent altar of Gozag.
    71 | D        | Found an ancient bone altar of Kikubaaqudgha.
    71 | D        | Found a glowing silver altar of Zin.
    71 | D        | Noticed a yak
    72 | D        | Found an iron altar of Okawaru.
    73 | D        | Killed a yak
    73 | D        | Reached skill level 16 in Stealth
    74 | D        | Found a bloodstained altar of Trog.
    88 | D        | Found a viscous altar of Jiyva.
    88 | D        | Found a blossoming altar of Fedhas.
    88 | D        | Noticed a slime creature
    89 | D        | Found a snail-covered altar of Cheibriados.
    89 | D        | Found a shadowy altar of Dithmenos.
    91 | D        | Killed a slime creature
    91 | D        | Reached skill level 17 in Stealth
    91 | D        | Reached XP level 7. HP: 33/33 MP: 8/8
    93 | D        | Became a worshipper of Dithmenos the Shadowed
   105 | D        | Noticed a kobold demonologist
   106 | D        | Noticed a kobold demonologist
   110 | D        | Paralysed by a giant eyeball for 4 turns
   112 | D        | Noticed an ice devil
   118 | D        | Noticed an orange demon
   127 | D        | Noticed a centaur warrior
   128 | D        | Noticed a centaur warrior
   134 | D        | Killed a centaur warrior
   134 | D        | Reached skill level 5 in Short Blades
   134 | D        | Reached skill level 5 in Throwing
   134 | D        | Reached skill level 15 in Dodging
   134 | D        | Reached skill level 18 in Stealth
   134 | D        | Reached XP level 8. HP: 11/37 MP: 9/9
   135 | D        | Killed a centaur warrior
   135 | D        | Reached skill level 19 in Stealth
   154 | D        | Noticed a deep troll
   184 | D        | Noticed a rust devil
   206 | D        | Killed a kobold demonologist
   206 | D        | Reached XP level 9. HP: 26/41 MP: 10/10
   232 | D        | Noticed a demonic crawler
   232 | D        | Noticed a demonic crawler
   232 | D        | Noticed a demonic crawler
   232 | D        | Noticed a demonic crawler
   234 | D        | Killed a demonic crawler
   235 | D        | Killed a demonic crawler
   235 | D        | Acquired Dithmenos's first power
   235 | D        | Reached skill level 20 in Stealth
   242 | D        | Noticed an ice devil
   284 | D        | Noticed a rust devil
   285 | D        | Slain by a deep troll

Vault maps used:
D:        dungeon_sprint_1

Action                   |  1- 3 |  4- 6 |  7- 9 || total
-------------------------+-------+-------+-------++-------
Melee: Dagger            |     2 |     4 |    72 ||    78
 Fire: Blowgun           |       |       |     8 ||     8
  Use: Potion            |       |       |     1 ||     1
 Stab: Sleeping          |     2 |     4 |     4 ||    10
